 Dungeon Crawl Stone Soup version 0.18.1-50-g88ac8fd (webtiles) character file.

567 Skwishie the Chopper (level 7, -2/41 HPs)
             Began as a Gargoyle Fighter on Sept 21, 2016.
             Slain by a gnoll
             ... wielding a +0 halberd
              (8 damage)
             ... on level 4 of the Dungeon.
             The game lasted 00:09:01 (2709 turns).

Skwishie the Chopper (Gargoyle Fighter)             Turns: 2709, Time: 00:09:01

Health: -2/41      AC: 11    Str: 20    XL:     7   Next: 33%
Magic:  7/7        EV:  7    Int: 10    God:
Gold:   152        SH:  9    Dex:  9    Spells: 0 memorised, 6 levels left

rFire  . . .     SeeInvis .     a - +0 war axe
rCold  + . .     Gourm    .     b - +0 scale mail
rNeg   + . .     Faith    .     c - +0 shield
rPois  ∞         Spirit   .     (no helmet)
rElec  +         Dismiss  .     (no cloak)
rCorr  .         Reflect  .     (no gloves)
SustAt .         Harm     .     (no boots)
MR     .....                    i - amulet of regeneration
Stlth  ..........               g - ring of protection from cold
                                (no ring)

@: not resistant to hostile enchantments, extremely unstealthy
A: negative energy resistance 1, electricity resistance, unbreathing,
petrification resistance, rot immunity, AC +4
a: no special abilities


You were on level 4 of the Dungeon.
You were not hungry.

You visited 1 branch of the dungeon, and saw 4 of its levels.

You collected 152 gold pieces.

Inventory:

Hand Weapons
 a - a +0 war axe (weapon)
Armour
 b - a +0 scale mail (worn)
 c - a +0 shield (worn)
Jewellery
 g - a ring of protection from cold (right hand)
 i - an amulet of regeneration (around neck)
Scrolls
 k - 2 scrolls of fog {unknown}
 l - a scroll of immolation {unknown}
 n - a scroll of teleportation
 o - a scroll of amnesia {unknown}
 q - a scroll of enchant weapon {unknown}
 r - 5 scrolls of identify {unknown}
 t - a scroll of noise {unknown}
 x - a scroll of enchant armour {unknown}
 y - 2 scrolls of random uselessness {unknown}
Potions
 d - a potion of might
 e - 2 potions of flight {unknown}
 m - 2 potions of lignification {unknown}
 p - a potion of ambrosia {unknown}
 s - a potion of resistance {unknown}
 u - 2 potions of brilliance {unknown}
 v - a potion of heal wounds {unknown}
Comestibles
 f - 4 bread rations
 h - 2 meat rations
 j - a royal jelly
 w - a beef jerky


   Skills:
 - Level 3.2 Fighting
 + Level 7.2 Axes
 - Level 3.2 Armour
 - Level 3.2 Shields


You had 6 spell levels left.
You didn't know any spells.

Dungeon Overview and Level Annotations

Branches:
Dungeon (4/15)
 Temple: D:4-7

Altars:
Ashenzari
Makhleb
Nemelex Xobeh


Innate Abilities, Weirdness & Mutations

You are resistant to torment.
Your stone body is resilient (AC +4).
You are immune to poison.
You resist negative energy.
You are resistant to electric shocks.
You can survive without breathing.
You are immune to petrification.
You are immune to rotting.


Message History

You are too injured to fight recklessly!
You are too injured to fight recklessly!
You are too injured to fight recklessly!
You are too injured to fight recklessly!
You are too injured to fight recklessly!
You are too injured to fight recklessly!
You are too injured to fight recklessly!
You are too injured to fight recklessly!
You are too injured to fight recklessly!
You are too injured to fight recklessly!
You are too injured to fight recklessly!
You are too injured to fight recklessly!
You are too injured to fight recklessly!
You are too injured to fight recklessly!
You are too injured to fight recklessly!
You are too injured to fight recklessly!
You hit the gnoll.
The gnoll is almost dead.
The gnoll hits you with a halberd!
You die...

#>..÷.......(..'...............
#.##############.......##......
#.# ########## #.......##......
#.# #........# #.......##......
#.# #........# #....<..######'#
#.# #........# ######### #.. #.#
#........# ##(
#.###........#################.
#...+.(......g@))..............
##...#........########.)....####
#.....######### #......# #
#.....# #......# # #.÷...#
#......#### #.....# ######.....
#........# #..... #.....##.#
#..... #......# .( ##.....


You could see a gnoll.

Vanquished Creatures
  The ghost of Nadrilmar the Gusty, an amateur TeAE (D:4)
  2 phantoms (D:4)
  Terence (D:3)
  9 adders
  3 gnolls (D:4)
  An ooze (D:3)
  A worm (D:2)
  3 dart slugs
  2 giant geckos
  12 orcs
  7 bats
  3 giant cockroaches
  6 hobgoblins
  2 quokkas
  3 ball pythons
  4 giant newts
  10 goblins
  6 kobolds
  5 rats
81 creatures vanquished.

Notes
Turn   | Place    | Note
--------------------------------------------------------------
     0 | D:1      | Skwishie the Gargoyle Fighter began the quest for the Orb.
     0 | D:1      | Reached XP level 1. HP: 14/14 MP: 1/1
    16 | D:1      | Reached skill level 2 in Axes
   263 | D:1      | Reached XP level 2. HP: 15/19 MP: 2/2
   640 | D:1      | Reached skill level 3 in Axes
   644 | D:1      | Reached XP level 3. HP: 23/23 MP: 3/3
  1124 | D:2      | Found a burning altar of Makhleb.
  1196 | D:2      | Reached XP level 4. HP: 25/28 MP: 4/4
  1323 | D:3      | Noticed Terence
  1333 | D:3      | Killed Terence
  1333 | D:3      | Reached skill level 4 in Axes
  1714 | D:3      | Found a sparkling altar of Nemelex Xobeh.
  1732 | D:3      | Reached XP level 5. HP: 32/32 MP: 5/5
  1821 | D:3      | Found a shattered altar of Ashenzari.
  2094 | D:4      | Noticed a phantom
  2129 | D:4      | Reached skill level 5 in Axes
  2134 | D:4      | Killed a phantom
  2134 | D:4      | Reached XP level 6. HP: 29/37 MP: 6/6
  2283 | D:4      | Noticed a phantom
  2355 | D:4      | Killed a phantom
  2355 | D:4      | Reached skill level 6 in Axes
  2406 | D:4      | Noticed Nadrilmar's ghost (amateur TeAE)
  2425 | D:4      | Killed Nadrilmar's ghost
  2425 | D:4      | Reached XP level 7. HP: 41/41 MP: 7/7
  2461 | D:4      | Reached skill level 7 in Axes
  2709 | D:4      | Slain by a gnoll

Skill      XL: |  1  2  3  4  5  6  7 |
---------------+----------------------+-----
Axes           | 2 3 4 5 6 7 |  7.2
Fighting       | |  3.2
Armour         | |  3.2
Shields        | |  3.2

Action                   |  1- 3 |  4- 6 |  7- 9 || total
-------------------------+-------+-------+-------++-------
Melee: War axe           |   147 |   172 |    37 ||   356
  Use: Scroll            |       |     4 |       ||     4
  Eat: Chunk             |     1 |     5 |     1 ||     7
Armor: Scale mail        |    96 |    90 |    18 ||   204
Dodge: Dodged            |    56 |    48 |     7 ||   111
Block: Shield            |    89 |    55 |    22 ||   166
